 Dungeon Crawl Stone Soup version 0.27.1-2-g3b301248ec (webtiles) character file.

Game seed: 17955298253745107856

37424 Renzlar the Blocker (level 13, -3/105 HPs)
             Began as a Gnoll Fighter on Sept 26, 2021.
             Was the Champion of Okawaru.
             Killed from afar by a lindwurm (45 damage)
             ... with a blast of flame
             ... summoned by Kirke
             ... on level 3 of the Lair of Beasts on Sept 27, 2021.
             The game lasted 01:13:36 (16915 turns).

Renzlar the Blocker (Gnoll Fighter)                Turns: 16915, Time: 01:13:36

Health: -3/105     AC:  0    Str: 19    XL:     13   Next: 96%
Magic:  23/25      EV: 20    Int: 10    God:    Okawaru [******]
Gold:   1303       SH:  0    Dex: 11    Spells: 29/29 levels left

rFire    . . .     SeeInvis .     - Unarmed
rCold    . . .     Faith    .   (shield currently unavailable)
rNeg     . . .     Spirit   .   (armour currently unavailable)
rPois    .         Reflect  .   (helmet currently unavailable)
rElec    .         Harm     .   (cloak currently unavailable)
rCorr    .         Rampage  .   (gloves currently unavailable)
Will     .....                  (boots currently unavailable)
Stlth    +++++.....             H - amulet of regeneration
HPRegen  1.27/turn              (ring currently unavailable)
MPRegen  0.19/turn              (ring currently unavailable)

@: pig-form, heroic, hasted, very quick
A: fast, no casting, small, (fangs 1), strong nose, distributed training
a: Renounce Religion, Heroism, Finesse


You were on level 3 of the Lair of Beasts.
You worshipped Okawaru.
Okawaru was exalted by your worship.
You were a filthy swine.
You visited 2 branches of the dungeon, and saw 14 of its levels.
You also visited: Bailey.

You collected 1303 gold pieces.

Inventory:

Hand Weapons
 a - a +4 war axe of electrocution (melded)
 b - the +9 hand axe "Zybraf" {speed, Fly Int+2}
   (You found it on level 5 of the Dungeon)

   Attacks with this weapon are significantly faster.
   Int:       It affects your intelligence (+2).
   Fly:       It grants you flight.
 c - a +0 hunting sling
 d - the +5 long sword of Pihyupos {holy, rF+ Dex+4}
   (You found it on level 6 of the Dungeon)

   It has been blessed by the Shining One to cause great damage to the undead
   and demons.
   Dex:       It affects your dexterity (+4).
   rF:        It protects you from fire.
 f - a +2 dagger of draining
 B - a +0 hand crossbow
 J - a +3 flail
Missiles
 e - 306 stones (quivered)
 h - 2 throwing nets
 j - 62 sling bullets
 q - 11 poisoned darts
 C - 93 bolts
Armour
 k - a +0 pair of gloves (melded)
 l - a +2 cloak of stealth (melded)
 m - the +2 kite shield "Omuoceib" (melded) {rPois}
   (You acquired it in a bailey)

   rPois:     It protects you from poison.
 p - a +0 pair of boots (melded)
 s - a +0 scale mail
 x - a +2 hat of stealth (melded)
 F - a +3 chain mail of positive energy (melded)
Jewellery
 g - a +4 ring of protection
 t - a ring of ice
 A - a ring of resist corrosion
 E - a ring of see invisible
 H - an amulet of regeneration (around neck)
 I - the ring of Zekkurae (melded) {rPois Will+ Int+6}
   (You acquired it in a bailey)

   [ring of intelligence]

   Int:       It affects your intelligence (+6).
   rPois:     It protects you from poison.
   Will:      It increases your willpower.
 O - a ring of willpower (melded)
Wands
 i - a wand of iceblast (35)
 K - a wand of acid (7)
 M - a wand of flame (5)
Scrolls
 r - 2 scrolls of silence
 v - 2 scrolls of identify
 w - 4 scrolls of teleportation
 y - 5 scrolls of fear
 z - 3 scrolls of enchant weapon
 D - a scroll of magic mapping
 N - a scroll of blinking
Potions
 n - a potion of resistance
 o - 2 potions of curing
 u - 3 potions of might
 G - 2 potions of flight
 P - 3 potions of haste


   Skills:
 + Level 10.8(15.8) Fighting
 + Level 8.7(13.7) Short Blades
 + Level 8.7(13.7) Long Blades
 + Level 9.9(14.9) Axes
 + Level 8.7(13.7) Maces & Flails
 + Level 8.7(13.7) Polearms
 + Level 8.7(13.7) Staves
 + Level 8.7(13.7) Slings
 + Level 8.7(13.7) Bows
 + Level 8.7(13.7) Crossbows
 + Level 8.7(13.7) Throwing
 + Level 10.8(15.8) Armour
 + Level 8.7(13.7) Dodging
 + Level 8.7(13.7) Stealth
 + Level 10.8(15.8) Shields
 + Level 8.7(13.7) Unarmed Combat
 + Level 8.7 Spellcasting
 + Level 7.3 Conjurations
 + Level 7.3 Hexes
 + Level 7.3 Summonings
 + Level 7.3 Necromancy
 + Level 7.3 Translocations
 + Level 7.3 Transmutations
 + Level 7.3 Fire Magic
 + Level 7.3 Ice Magic
 + Level 7.3 Air Magic
 + Level 7.3 Earth Magic
 + Level 7.3 Poison Magic
 + Level 9.5 Invocations
 + Level 8.7 Evocations


You had 29 spell levels left.
You didn't know any spells.
Your spell library contained the following spells:

 Spells                   Type           Power      Damage    Failure   Level
 Passwall                 Tmut/Erth      15%        N/A       1%          2
 Static Discharge         Conj/Air       19%        N/A       1%          2
 Conjure Flame            Conj/Fire      19%        6-21      2%          3
 Ignite Poison            Fire/Tmut/Pois 19%        N/A       2%          3
 Stone Arrow              Conj/Erth      38%        3d9       2%          3
 Animate Armour           Summ/Erth      38%        N/A       8%          4
 Dispel Undead            Necr           19%        3d11      8%          4
 Sticky Flame             Conj/Fire      19%        2d4       8%          4
 Agony                    Necr           19%        N/A       22%         5
 Infestation              Necr           9%         N/A       100%        8
 Lehudib's Crystal Spear  Conj/Erth      9%         10d4      100%        8


Dungeon Overview and Level Annotations

Branches:
Dungeon (10/15)            Temple (0/1) D:6            Lair (4/6) D:10
 Shoals (0/4) Lair:3          Orc (0/2) D:10         Bailey (visited)
  Snake: Lair:2-4    Spider: Lair:2-4

Altars:
Cheibriados
Dithmenos
Elyvilon
Gozag
Hepliaklqana
Kikubaaqudgha
Makhleb
Okawaru
Ru
Sif Muna
Trog
Xom

Shops:
D:2 *

Annotations:
D:6 1 runed translucent door
Lair:3 Kirke


Innate Abilities, Weirdness & Mutations

You are a filthy swine.
You move quickly.
Your equipment is almost entirely melded.
You are incapable of wielding weapons or throwing items.
You cannot cast spells.
((You have very sharp teeth.))
Your uncanny sense of smell can sniff out nearby items.
Your experience applies equally to all skills.


Message History

Your +0 pair of boots melds into your body.
The +2 kite shield "Omuoceib" {rPois} melds into your body.
Your +3 chain mail of positive energy melds into your body.
Your ring of willpower melds into your body.
The ring of Zekkurae {rPois Will+ Int+6} melds into your body.
Your +4 war axe of electrocution stops crackling.
You feel less stealthy. x2
You feel less protected from negative energy.
You feel stupid. The hog bites you!
Unknown command.
You bite Kirke!
Kirke is heavily wounded.
The hog misses you. The hog completely misses you.
You bite Kirke!
Kirke is heavily wounded.
Kirke misses you. The hog bites you! x2
You bite Kirke!
Kirke is severely wounded.
The hog bites you! Kirke completely misses you. The hog bites you!
You completely miss Kirke.
Kirke is severely wounded.
The hog barely misses you. Kirke casts a spell at you.
You feel a momentary urge to oink. The hog bites you.
You bite Kirke!
Kirke is severely wounded.
The hog bites you! The hog closely misses you. The hog barely misses you.
The hog closely misses you.
Kirke mumbles some strange words.
Kirke summons a lindwurm!
Okay, then.
You gain the combat prowess of a mighty hero.
The hog barely misses you. The lindwurm bites you.
The lindwurm barely misses you. x2; The hog misses you.
You feel yourself speed up. The hog barely misses you.
The lindwurm breathes flames at you. The blast of flame hits you!!!
You die...

######### ##########
#.#.#...#####.#.##P#P#
##....................
#...h.................
#.>h@h.......#.#.+#...
#...k........#....#...
##................P...
#.....##.+#...........
#.....#...........#...
#..........#.P........
#..........#......#...
#............#........
##....#....#......#...


You could see Kirke, a lindwurm (summoned, catching breath) and 2 hogs.

Vanquished Creatures
  Gastronok (Lair:2)
  An orc warlord (Bailey)
  5 hydras
  A catoblepas (Lair:3)
  A two-headed ogre (D:9)
  The ghost of EmilyW the Cleaver, a novice MiFi (Lair:1)
  3 death yaks (Lair:4)
  The ghost of llamasofponies the Grappler, a novice TrMo of Hepliaklqana (D:6)
  A lindwurm (Lair:3)
  An oklob plant (Lair:4)
  An orc knight (Bailey)
  A manticore (Lair:3)
  A black mamba (Lair:1)
  7 cane toads
  An unseen horror (D:10)
  11 komodo dragons
  A wind drake (Lair:3)
  4 polar bears
  3 trolls
  2 hornets (D:9)
  4 blink frogs (Lair:1)
  8 spriggans (Lair:1)
  A shadow (D:10)
  A wyvern (D:9)
  3 hogs (Lair:3)
  A basilisk (Lair:2)
  46 yaks
  3 steam dragons
  10 water moccasins
  A floating eye (D:10)
  21 orc warriors
  2 ice beasts
  3 black bears
  2 sky beasts (D:7)
  An ogre (D:7)
  6 centaurs
  A necrophage (D:7)
  5 wolves (Lair:1)
  2 phantoms
  A kobold brigand (D:7)
  A wyvern zombie (D:6)
  3 scorpions
  12 bullfrogs
  A gnoll sergeant (D:10)
  A wyvern skeleton (D:5)
  5 killer bees
  3 wights (D:9)
  5 electric eels (D:7)
  2 jellies (D:5)
  3 centaur zombies
  2 howler monkeys (D:5)
  3 hounds
  An iguana (D:7)
  2 hell rats (Lair:3)
  8 orc wizards
  18 gnolls
  8 river rats (Lair:3)
  7 adders
  A white imp (D:5)
  2 ufetubi
  A worm (D:2)
  2 dart slugs
  40 orcs
  8 endoplasms
  5 giant cockroaches
  30 goblins
  17 hobgoblins
  2 jackals (D:1)
  A quokka (D:1)
  4 ball pythons (D:1)
  5 bats
  4 frilled lizards
  13 kobolds
  9 rats
  A bush (Lair:2)
400 creatures vanquished.

Vanquished Creatures (others)
  39 fungi
  40 plants
79 creatures vanquished.

Grand Total: 479 creatures vanquished

Notes
Turn   | Place    | Note
-------+----------+-------------------------------------------
     0 | D:1      | Renzlar the Gnoll Fighter began the quest for the Orb.
     0 | D:1      | Reached XP level 1. HP: 23/23 MP: 1/1
   175 | D:1      | Reached XP level 2. HP: 26/29 MP: 2/2
   632 | D:1      | Reached XP level 3. HP: 35/35 MP: 3/3
  1187 | D:2      | Found a faded altar of an unknown god.
  1337 | D:2      | Reached skill level 1 in Invocations
  1531 | D:2      | Found Taameis's Assorted Antiques.
  1688 | D:2      | Reached skill level 1 in Short Blades
  1688 | D:2      | Reached skill level 1 in Long Blades
  1688 | D:2      | Reached skill level 1 in Maces & Flails
  1688 | D:2      | Reached skill level 1 in Polearms
  1688 | D:2      | Reached skill level 1 in Staves
  1688 | D:2      | Reached skill level 1 in Slings
  1688 | D:2      | Reached skill level 1 in Bows
  1688 | D:2      | Reached skill level 1 in Crossbows
  1688 | D:2      | Reached skill level 1 in Throwing
  1688 | D:2      | Reached skill level 1 in Dodging
  1688 | D:2      | Reached skill level 1 in Stealth
  1688 | D:2      | Reached skill level 1 in Unarmed Combat
  1688 | D:2      | Reached skill level 1 in Spellcasting
  1688 | D:2      | Reached skill level 1 in Evocations
  1688 | D:2      | Reached XP level 4. HP: 41/41 MP: 5/5
  2284 | D:3      | Found a hazy altar of Hepliaklqana.
  2286 | D:3      | Found an iron altar of Okawaru.
  2291 | D:3      | Found a white marble altar of Elyvilon.
  2298 | D:3      | Became a worshipper of Warmaster Okawaru
  2686 | D:3      | Noticed a phantom
  2704 | D:3      | Reached skill level 1 in Conjurations
  2704 | D:3      | Reached skill level 1 in Hexes
  2704 | D:3      | Reached skill level 1 in Summonings
  2704 | D:3      | Reached skill level 1 in Necromancy
  2704 | D:3      | Reached skill level 1 in Translocations
  2704 | D:3      | Reached skill level 1 in Transmutations
  2704 | D:3      | Reached skill level 1 in Fire Magic
  2704 | D:3      | Reached skill level 1 in Ice Magic
  2704 | D:3      | Reached skill level 1 in Air Magic
  2704 | D:3      | Reached skill level 1 in Earth Magic
  2704 | D:3      | Reached skill level 1 in Poison Magic
  2705 | D:3      | Killed a phantom
  2706 | D:3      | Reached XP level 5. HP: 22/47 MP: 5/7
  3169 | D:3      | Reached * piety under Okawaru
  3180 | D:3      | Reached XP level 6. HP: 30/53 MP: 8/8
  3692 | D:4      | Found a bloodstained altar of Trog.
  4183 | D:4      | Found a shimmering blue altar of Sif Muna.
  4215 | D:5      | Entered Level 5 of the Dungeon
  4216 | D:5      | Identified the +9 hand axe "Zybraf" {speed, Fly Int+2}
  4227 | D:5      | Noticed an ice beast
  4235 | D:5      | Killed an ice beast
  4236 | D:5      | Reached skill level 5 in Axes
  4573 | D:5      | Reached XP level 7. HP: 53/59 MP: 10/10
  5049 | D:5      | Found a sacrificial altar of Ru.
  5187 | D:5      | Found a snail-covered altar of Cheibriados.
  5265 | D:5      | Found a burning altar of Makhleb.
  5544 | D:6      | Found a runed translucent door.
  5548 | D:6      | Noticed llamasofponies's ghost (novice TrMo)
  5559 | D:6      | Reached ** piety under Okawaru
  5565 | D:6      | Reached XP level 8. HP: 66/67 MP: 12/12
  5576 | D:6      | Killed llamasofponies's ghost
  5578 | D:6      | Reached *** piety under Okawaru
  5596 | D:6      | Found a runed translucent door.
  5697 | D:6      | Identified the +5 long sword of Pihyupos {holy, rF+ Dex+4}
  5969 | D:6      | Found a staircase to the Ecumenical Temple.
  6706 | D:6      | Found an ancient bone altar of Kikubaaqudgha.
  6924 | D:7      | Found an opulent altar of Gozag.
  6956 | D:7      | Reached XP level 9. HP: 72/72 MP: 14/14
  7328 | D:7      | Reached **** piety under Okawaru
  7539 | D:7      | Received a gift from Okawaru
  9390 | D:7      | Reached skill level 5 in Invocations
  9390 | D:7      | Received a gift from Okawaru
  9417 | D:8      | Reached XP level 10. HP: 60/80 MP: 17/17
  9786 | D:8      | Reached skill level 5 in Short Blades
  9786 | D:8      | Reached skill level 5 in Long Blades
  9786 | D:8      | Reached skill level 5 in Maces & Flails
  9786 | D:8      | Reached skill level 5 in Polearms
  9786 | D:8      | Reached skill level 5 in Staves
  9786 | D:8      | Reached skill level 5 in Slings
  9786 | D:8      | Reached skill level 5 in Bows
  9786 | D:8      | Reached skill level 5 in Crossbows
  9786 | D:8      | Reached skill level 5 in Throwing
  9786 | D:8      | Reached skill level 5 in Dodging
  9786 | D:8      | Reached skill level 5 in Stealth
  9786 | D:8      | Reached skill level 5 in Unarmed Combat
  9786 | D:8      | Reached skill level 5 in Spellcasting
  9786 | D:8      | Reached skill level 5 in Evocations
 10031 | D:8      | Found a shadowy altar of Dithmenos.
 10123 | D:8      | Reached ***** piety under Okawaru
 10597 | D:9      | Found a flagged portal.
 10609 | Bailey   | Entered a bailey
 11071 | Bailey   | Identified 3 scrolls of acquirement
 11071 | Bailey   | Acquired an amulet of regeneration
 11078 | Bailey   | Acquired 394 gold pieces
 11080 | Bailey   | Acquired the ring of Zekkurae {rPois Will+ Int+6}
 11104 | Bailey   | Noticed an orc warlord
 11105 | Bailey   | Noticed an orc knight
 11130 | Bailey   | Killed an orc warlord
 11130 | Bailey   | Received a gift from Okawaru
 11131 | Bailey   | Reached XP level 11. HP: 55/87 MP: 19/19
 11133 | Bailey   | HP: 3/87 [orc knight (28)]
 11198 | Bailey   | Killed an orc knight
 11199 | Bailey   | Reached skill level 5 in Conjurations
 11199 | Bailey   | Reached skill level 5 in Hexes
 11199 | Bailey   | Reached skill level 5 in Summonings
 11199 | Bailey   | Reached skill level 5 in Necromancy
 11199 | Bailey   | Reached skill level 5 in Translocations
 11199 | Bailey   | Reached skill level 5 in Transmutations
 11199 | Bailey   | Reached skill level 5 in Fire Magic
 11199 | Bailey   | Reached skill level 5 in Ice Magic
 11199 | Bailey   | Reached skill level 5 in Air Magic
 11199 | Bailey   | Reached skill level 5 in Earth Magic
 11199 | Bailey   | Reached skill level 5 in Poison Magic
 11432 | Bailey   | Got the Compendium of Earthen Black Rituals
 11433 | Bailey   | Acquired the +2 kite shield "Omuoceib" {rPois}
 11434 | Bailey   | Acquired a +2 cloak of stealth
 12581 | D:10     | Entered Level 10 of the Dungeon
 12581 | D:10     | Noticed a two-headed ogre
 12597 | D:9      | Killed a two-headed ogre
 12597 | D:9      | Received a gift from Okawaru
 12742 | D:10     | Found a shimmering altar of Xom.
 12952 | D:10     | Found a staircase to the Lair.
 13095 | D:10     | Found a staircase to the Orcish Mines.
 13271 | D:10     | Paralysed by a floating eye for 2 turns
 13274 | D:10     | Received a gift from Okawaru
 13278 | D:10     | Paralysed by a floating eye for 4 turns
 13283 | D:10     | Reached XP level 12. HP: 84/96 MP: 22/22
 13285 | D:10     | Paralysed by a floating eye for 3 turns
 13292 | D:10     | Paralysed by a floating eye for 2 turns
 13296 | D:10     | Paralysed by a floating eye for 3 turns
 13301 | D:10     | Paralysed by a floating eye for 4 turns
 13310 | D:10     | Paralysed by a floating eye for 4 turns
 13393 | Lair:1   | Entered Level 1 of the Lair of Beasts
 13426 | Lair:1   | Noticed a four-headed hydra
 13445 | Lair:1   | Killed a four-headed hydra
 13528 | Lair:1   | Found a runed translucent gate.
 13528 | Lair:1   | Found a runed translucent gate.
 13528 | Lair:1   | Found a runed translucent gate.
 13535 | Lair:1   | Noticed EmilyW's ghost (novice MiFi)
 13558 | Lair:1   | Killed EmilyW's ghost
 13558 | Lair:1   | Reached ****** piety under Okawaru
 13745 | Lair:1   | Noticed an eight-headed hydra
 13754 | Lair:1   | Killed an eight-headed hydra
 13898 | Lair:1   | Reached skill level 10 in Fighting
 13898 | Lair:1   | Reached skill level 10 in Armour
 13898 | Lair:1   | Reached skill level 10 in Shields
 14012 | Lair:1   | Received a gift from Okawaru
 14401 | Lair:1   | Reached XP level 13. HP: 92/103 MP: 24/24
 14981 | Lair:2   | Noticed Gastronok
 15001 | Lair:2   | Killed Gastronok
 15883 | Lair:3   | Received a gift from Okawaru
 16234 | Lair:3   | Found a staircase to the Shoals.
 16875 | Lair:4   | Noticed Kirke
 16915 | Lair:3   | Killed from afar by a lindwurm

Illustrated notes

Levels and vault maps discovered:
D:1:      dpeg_arrival_pond, layout_basic, chequers_jeans, serial_bayou_lagoon_a
D:2:      layout_loops_ring, hellmonk_ecumenical_altar_crossroads, serial_shops,
          nicolae_shop_behind_doors
D:3:      layout_loops_corners, grunt_temple_overflow_open
D:4:      layout_cave_pools, tgw_sif, mainiacjoe_overflow_boulevard
D:5:      layout_basic, lightli_temple_of_fire, cheibriados_altar_1,
          hangedman_ru_absence
D:6:      lemuel_ice_spiral_2, layout_basic, kiku_gazebo_garden_becter,
          minmay_temple_entry_glassed_door, ebering_ghost_sewer_f
D:7:      layout_basic, grunt_gozag_statues, kennysheep_boxes
D:8:      layout_cave_pools, nicolae_dithmenos_through_a_glass_darkly,
          serial_glass, glass_columns_b, glass_columns_c, glass_columns_b
D:9:      layout_basic, enter_bailey_3, minmay_misc_feat_ornament
D:10:     layout_cave_pools, amcnicky_altar_gilded, due_lair_maze_entry_diamond,
          orc_0_dummy, onia_ninara_cookie
Lair:1:   kb_forest_paths, layout_regular_city, ebering_ghost_rock_garden,
          st_stairs_9, infiniplex_staircase_pool_2
Lair:2:   layout_long_grid, uniq_gastronok
Lair:3:   layout_chaotic_city, minmay_shoals_entry_beasts, kennysheep_rathole
Lair:4:   layout_cave_pods, minmay_snake_entry_spellcaster, wad_woods_river_04,
          grunt_megastairs_4, uniq_kirke

Skill      XL: |  1  2  3  4  5  6  7  8  9 10 11 12 13 |
---------------+----------------------------------------+-----
Invocations    | 1 2 3 4 5 6 7 8 9 |  9.5
Short Blades   | 1 2 3 4 5 6 7 8 |  8.7
Long Blades    | 1 2 3 4 5 6 7 8 |  8.7
Maces & Flails | 1 2 3 4 5 6 7 8 |  8.7
Polearms       | 1 2 3 4 5 6 7 8 |  8.7
Staves         | 1 2 3 4 5 6 7 8 |  8.7
Slings         | 1 2 3 4 5 6 7 8 |  8.7
Bows           | 1 2 3 4 5 6 7 8 |  8.7
Crossbows      | 1 2 3 4 5 6 7 8 |  8.7
Throwing       | 1 2 3 4 5 6 7 8 |  8.7
Dodging        | 1 2 3 4 5 6 7 8 |  8.7
Stealth        | 1 2 3 4 5 6 7 8 |  8.7
Unarmed Combat | 1 2 3 4 5 6 7 8 |  8.7
Spellcasting   | 1 2 3 4 5 6 7 8 |  8.7
Evocations     | 1 2 3 4 5 6 7 8 |  8.7
Conjurations   | 1 2 3 4 5 6 7 |  7.3
Hexes          | 1 2 3 4 5 6 7 |  7.3
Summonings     | 1 2 3 4 5 6 7 |  7.3
Necromancy     | 1 2 3 4 5 6 7 |  7.3
Translocations | 1 2 3 4 5 6 7 |  7.3
Transmutations | 1 2 3 4 5 6 7 |  7.3
Fire Magic     | 1 2 3 4 5 6 7 |  7.3
Ice Magic      | 1 2 3 4 5 6 7 |  7.3
Air Magic      | 1 2 3 4 5 6 7 |  7.3
Earth Magic    | 1 2 3 4 5 6 7 |  7.3
Poison Magic   | 1 2 3 4 5 6 7 |  7.3
Axes           | 5 6 7 8 9 |  9.9
Fighting       | 7 8 9 10 | 10.8
Armour         | 7 8 9 10 | 10.8
Shields        | 7 8 9 10 | 10.8

Action                   |  1- 3 |  4- 6 |  7- 9 | 10-12 | 13-15 || total
-------------------------+-------+-------+-------+-------+-------++-------
Melee: War axe           |    79 |    95 |    73 |   420 |   255 ||   922
       Bite              |     5 |    12 |    12 |    79 |    43 ||   151
       Hand axe          |       |    16 |   101 |   235 |       ||   352
       Long sword        |       |       |     1 |    30 |       ||    31
       Flail             |       |       |       |    13 |    19 ||    32
       Dagger            |       |       |       |       |     7 ||     7
       Unarmed           |       |       |       |       |     5 ||     5
 Fire: Hunting sling     |       |    17 |    86 |   223 |    65 ||   391
Throw: Stone             |     5 |    17 |       |       |       ||    22
       Throwing net      |     1 |     1 |       |       |       ||     2
Invok: Heroism           |       |       |     2 |     3 |     3 ||     8
Evoke: Wand              |       |       |     6 |     7 |     9 ||    22
  Use: Scroll            |     3 |     5 |     5 |    14 |     3 ||    30
       Potion            |       |     2 |     1 |     2 |     2 ||     7
 Stab: Sleeping          |       |       |       |       |     6 ||     6
       Petrified         |       |       |       |       |     1 ||     1
Armor: Scale mail        |    22 |       |       |       |       ||    22
       Chain mail        |     8 |    33 |    80 |   334 |   142 ||   597
Dodge: Dodged            |    18 |    14 |    22 |   174 |    94 ||   322
Block: Kite shield       |    14 |       |       |   368 |   205 ||   587
       Tower shield      |    43 |    88 |   164 |   198 |       ||   493
       Rpst.: Long sword |       |       |       |     1 |       ||     1
